AoeStats
← AxingQuestions

African Clearing

505150146Analyzed
4v4 RM · 24d ago on Sep 8, 2026· 28m 46s· 8 players
Game mode
Random Map
Map size
Large (8 player)
Population
200
Speed
Normal
Resources
Standard
Victory
Conquest
Starting age
Dark Age
Ending age
Imperial Age
RankedLock teamsTeams togetherTeam positionsShared explorationLock speedFull tech treeHidden civsTurbo modeCheats
Victory
Defeat
🇲🇽 Persians · Mexico
1306
+15
🇭🇰 Spanish · Hong Kong SAR China
1289
+15
🇦🇷 Japanese · Argentina
1245
+17
🇦🇷 Vietnamese · Argentina
1196
+20
🇺🇸 Magyars · United States
1284
-17
🇺🇸 Bengalis · United States
1271
-17
🇨🇱 Armenians · Chile
1270
-17
🇺🇸 Vietnamese · United States
1265
-16
Lorenzo de' Medici
3:38 Loom
14:19 Feudal Age
14:46 Double-Bit Axe
17:14 Fletching
19:09 Wheelbarrow
18:23 Horse Collar
25:11 Castle Age
24:41 Stone Mining
24:43 Gold Mining
26:35 Stone Shaft Mining
26:06 Crossbowman
26:41 Bodkin Arrow
AxingQuestions
4:59 Loom
18:09 Feudal Age
TheLowercasee
6:48 Loom
14:27 Feudal Age
18:12 Castle Age
16:31 Horse Collar
16:39 Double-Bit Axe
19:32 Bow Saw
21:15 Scale Barding Armor
Chelowolf
5:21 Loom
15:30 Feudal Age
20:54 Castle Age
19:29 Double-Bit Axe
Oso Táctico
11:29 Loom
13:20 Feudal Age
17:31 Castle Age
15:32 Fletching
15:43 Padded Archer Armor
16:20 Double-Bit Axe
16:31 Gold Mining
19:12 Bow Saw
18:33 Crossbowman
21:57 Wheelbarrow
21:53 Bodkin Arrow
23:08 Ballistics
26:11 Horse Collar
26:23 Stone Mining
28:37 Heavy Plow
Matias_Aoe
12:07 Loom
15:15 Feudal Age
15:48 Double-Bit Axe
22:18 Castle Age
21:51 Horse Collar
23:13 Bow Saw
23:41 Fishing Lines
26:56 Wheelbarrow
动车的车头
12:56 Feudal Age
11:12 Loom
16:23 Castle Age
14:24 Double-Bit Axe
14:35 Horse Collar
17:26 Bow Saw
17:17 Heavy Plow
18:10 Padded Archer Armor
24:27 Wheelbarrow
24:55 Leather Archer Armor
27:34 Hand Cart
Rata Preñadora
5:05 Loom
30:15 Feudal Age
Connection lost

Rejoining the realm…

Still unreachable

The connection could not be restored.

Session expired

The server has moved on; the page needs a fresh start.